AoeStats
← Critian

Yucatan

503532405Analyzed
4v4 RM · 1mo ago on Sep 1, 2026· 42m 52s· 8 players
Game mode
Random Map
Map size
Large (8 player)
Population
200
Speed
Normal
Resources
Standard
Victory
Conquest
Starting age
Dark Age
Ending age
Imperial Age
RankedLock teamsTeams togetherTeam positionsShared explorationLock speedFull tech treeHidden civsTurbo modeCheats
Victory
Defeat
🇦🇷 Persians · Argentina
928
+17
🇦🇷 Spanish · Argentina
897
+18
🇦🇷 Khmer · Argentina
880
+19
🇦🇷 Malians · Argentina
878
+19
🇹🇼 Slavs · Taiwan
1036
-22
🇺🇸 Franks · United States
955
-19
🇨🇦 Georgians · Canada
907
-17
🇨🇱 Magyars · Chile
897
-16
HectorSquash24
7:45 Loom
12:53 Feudal Age
13:44 Double-Bit Axe
18:15 Castle Age
16:59 Scale Barding Armor
17:06 Forging
20:26 Husbandry
21:30 Iron Casting
26:43 Wheelbarrow
29:05 Hand Cart
34:51 Imperial Age
33:20 Chain Barding Armor
33:41 Squires
33:24 Pikeman
34:38 Scale Mail Armor
35:16 Halberdier
38:29 Chivalry
King Conqueror
1:01 Loom
16:03 Feudal Age
17:25 Wheelbarrow
16:38 Double-Bit Axe
18:47 Gold Mining
18:56 Stone Mining
21:57 Castle Age
21:16 Bloodlines
22:58 Hand Cart
25:34 Horse Collar
27:36 Heavy Plow
28:22 Bow Saw
28:56 Fletching
30:04 Svan Towers
30:48 Guard Tower
36:05 Imperial Age
34:51 Stone Shaft Mining
34:45 Ballistics
35:16 Bodkin Arrow
35:33 Forging
38:08 Siege Engineers
38:40 Keep
37:51 Arrowslits
38:15 Bracer
41:18 Scale Barding Armor
SSC LyonM
5:23 Loom
11:37 Feudal Age
18:30 Castle Age
19:12 Double-Bit Axe
19:38 Scale Barding Armor
20:07 Horse Collar
21:06 Husbandry
21:18 Bloodlines
27:18 Chain Barding Armor
36:33 Imperial Age
35:19 Wheelbarrow
35:19 Caravan
35:49 Coinage
38:23 Hand Cart
37:54 Town Watch
38:31 Corvinian Army
39:44 Capped Ram
40:56 Bow Saw
41:44 Heavy Cavalry Archer
42:50 Parthian Tactics
42:38 Onager
monkeyken7414
9:59 Feudal Age
11:10 Loom
12:41 Double-Bit Axe
15:11 Castle Age
14:35 Forging
15:20 Scale Barding Armor
20:00 Stone Mining
21:53 Wheelbarrow
21:32 Horse Collar
22:19 Town Watch
27:48 Heavy Plow
27:55 Fletching
28:47 Bow Saw
32:46 Imperial Age
30:43 Gold Mining
30:51 Pikeman
31:32 Squires
31:34 Scale Mail Armor
31:29 Bodkin Arrow
32:37 Iron Casting
34:02 Hand Cart
34:15 Conscription
33:19 Halberdier
35:56 Chain Mail Armor
Aldryx34
2:40 Loom
10:55 Loom
12:45 Feudal Age
13:29 Double-Bit Axe
13:26 Horse Collar
14:25 Wheelbarrow
20:47 Castle Age
22:43 Heavy Plow
31:58 Pikeman
34:37 Hand Cart
38:21 Imperial Age
36:13 Bow Saw
38:41 Elite Ballista Elephant
39:37 Tusk Swords
40:21 Bloodlines
40:11 Husbandry
40:20 Scale Barding Armor
40:25 Forging
40:38 Gold Mining
42:16 Chain Barding Armor
42:31 Iron Casting
43:03 Chemistry
42:49 Iron Casting
NuncaMasMorocho
11:20 Feudal Age
11:41 Loom
14:59 Castle Age
12:56 Double-Bit Axe
12:58 Horse Collar
16:19 Bow Saw
19:54 Heavy Plow
25:23 Pikeman
26:05 Squires
31:40 Imperial Age
30:02 Wheelbarrow
29:12 Town Watch
31:15 Hand Cart
31:39 Coinage
31:56 Elite War Elephant
33:28 Crop Rotation
33:14 Forging
33:09 Scale Barding Armor
33:24 Stone Mining
33:25 Gold Mining
35:04 Iron Casting
34:40 Town Watch
37:33 Two-Man Saw
36:55 Chain Barding Armor
37:51 Gold Shaft Mining
40:13 Blast Furnace
39:48 Plate Barding Armor
42:25 Conscription
Pugberto
10:37 Feudal Age
11:37 Double-Bit Axe
11:33 Horse Collar
12:11 Loom
15:06 Man-at-Arms
16:17 Scale Mail Armor
16:28 Forging
17:14 Gold Mining
27:16 Castle Age
28:13 Chain Mail Armor
28:33 Iron Casting
27:53 Pikeman
28:37 Squires
28:32 Arson
28:35 Gambesons
28:10 Long Swordsman
30:31 Heavy Plow
30:43 Bow Saw
43:11 Imperial Age
42:15 Stone Mining
43:33 Wheelbarrow
Critian
10:53 Feudal Age
17:26 Castle Age
15:21 Horse Collar
15:26 Double-Bit Axe
21:30 Heavy Plow
26:06 Pikeman
35:14 Imperial Age
33:13 Squires
34:41 Wheelbarrow
34:29 Scale Mail Armor
34:40 Forging
37:56 Chemistry
39:09 Iron Casting
38:50 Chain Mail Armor
40:55 Chain Mail Armor
Connection lost

Rejoining the realm…

Still unreachable

The connection could not be restored.

Session expired

The server has moved on; the page needs a fresh start.